 Dungeon Crawl Stone Soup version 0.17-a0-227-gf5308cc (webtiles) character file.

220 Ngotmuk the Skirmisher (level 5, -14/45 HPs)
             Began as a Demigod Fighter on Mar 29, 2015.
             Killed by divine providence
             ... invoked by an orc priest
              (16 damage)
             ... on level 4 of the Dungeon.
             The game lasted 00:06:24 (3168 turns).

Ngotmuk the Skirmisher (Demigod Fighter)            Turns: 3168, Time: 00:06:25

Health: -14/45     AC:  5    Str: 25    XL:     5   Next: 37%
Magic:  8/8        EV:  9    Int: 12    God:
Gold:   182        SH: 10    Dex: 15    Spells: 0 memorised, 4 levels left

rFire  . . .     SeeInvis .     a - +0 long sword
rCold  . . .     Clarity  .     s - +0 ring mail (curse)
rNeg   . . .     SustAb   +     c - +0 shield
rPois  +         Gourm    .     (no helmet)
rElec  .         Spirit   .     (no cloak)
rCorr  .         Warding  .     (no gloves)
rMut   .         Stasis   .     (no boots)
MR     .....                    (no amulet)
Stlth  +.........               r - +4 ring of strength
                                q - ring of poison resistance

@: not resistant to hostile enchantments, very unstealthy
A: sustain abilities
a: no special abilities


You were on level 4 of the Dungeon.
You were not hungry.

You visited 1 branch of the dungeon, and saw 4 of its levels.

You collected 182 gold pieces.

Inventory:

Hand weapons
 a - a +0 long sword (weapon)
Armour
 c - a +0 shield (worn)
 s - a cursed +0 ring mail (worn)
Jewellery
 q - a ring of poison resistance (left hand)
 r - a +4 ring of strength (right hand)
Scrolls
 d - a scroll of amnesia {unknown}
 f - a scroll of teleportation {unknown}
 h - 4 scrolls of identify {unknown}
 i - 2 scrolls of fog {unknown}
 j - a scroll of immolation {unknown}
 k - a scroll of random uselessness {unknown}
 n - 2 scrolls of magic mapping {unknown}
 p - a scroll of enchant weapon {unknown}
Potions
 e - a potion of might
 g - 4 potions of curing {unknown}
Comestibles
 l - a beef jerky
 m - 2 bread rations
 o - 2 fruits


   Skills:
 + Level 3.5 Fighting
 + Level 3.1 Long Blades
 + Level 3.3 Armour
 + Level 2.0 Dodging
 + Level 3.4 Shields


You had 4 spell levels left.
You didn't know any spells.

Dungeon Overview and Level Annotations

Branches:
Dungeon (4/15)
 Temple: D:4-7


Innate Abilities, Weirdness & Mutations

Your attributes are resistant to harm.


Message History

The orc barely misses you. You block the orc wizard's attack.
You block the orc priest's attack. The orc hits you but does no damage.
You block the orc's attack. The orc wizard closely misses you.
The orc hits you with a club. The orc priest completely misses you.
You see here a flail.
The orc priest barely misses you. The orc wizard hits you with a dagger.
The orc hits you with a short sword.
The orc priest calls upon Beogh to heal the orc wizard.
The orc wizard's wounds heal themselves!
You block the orc wizard's attack.
The orc priest calls down the wrath of Beogh upon you.
Something smites you!
* * * LOW HITPOINT WARNING * * *
The orc wizard points at you and mumbles some strange words.
The puff of frost hits you!
* * * LOW HITPOINT WARNING * * *
The orc priest invokes the aid of Beogh against you.
Something smites you!
You die...

...### #.......###
...........##### #
................# .#
................### )#
..................## .#
.............).....### ##.#
%...>.......(.........#####..#
...(.....)..oo.@.$...†......#
............oo..............##
..........o..........#....<.#
....................##.........
...................###..#######
.)................# #..#
................## #..#
..............## #...
...<......## #...


You could see an orc priest, an orc wizard and 3 orcs.

Vanquished Creatures
  A jelly (D:4)
  An orc wizard (D:3)
  6 adders
  3 worms
  5 giant geckos
  8 orcs (D:3)
  A ball python (D:4)
  2 giant cockroaches (D:1)
  11 hobgoblins
  11 jackals
  10 bats
  A giant newt (D:1)
  8 goblins
  8 kobolds
  8 rats
84 creatures vanquished.

Notes
Turn   | Place    | Note
--------------------------------------------------------------
     0 | D:1      | Ngotmuk, the Demigod Fighter, began the quest for the Orb.
     0 | D:1      | Reached XP level 1. HP: 18/18 MP: 2/2
   351 | D:1      | Reached XP level 2. HP: 12/25 MP: 3/3
   888 | D:1      | Reached skill level 3 in Fighting
  1109 | D:1      | Reached XP level 3. HP: 31/31 MP: 5/5
  1186 | D:2      | Reached skill level 1 in Dodging
  1588 | D:2      | Reached XP level 4. HP: 22/38 MP: 7/7
  1702 | D:2      | Found a glowing golden altar of the Shining One.
  2126 | D:3      | Found a bloodstained altar of Trog.
  2675 | D:3      | Found a blossoming altar of Fedhas.
  2675 | D:3      | Found a shattered altar of Ashenzari.
  3032 | D:3      | Reached XP level 5. HP: 29/45 MP: 8/8
  3168 | D:4      | HP: 2/45 [orc wizard/puff of frost (5)]
  3168 | D:4      | Killed from afar by an orc priest

Action                   |  1- 3 |  4- 6 || total
-------------------------+-------+-------++-------
Melee: Long sword        |   148 |   162 ||   310
  Eat: Bread ration      |     1 |       ||     1
       Fruit             |       |     3 ||     3
       Royal jelly       |       |     1 ||     1
